 Dungeon Crawl Stone Soup version 0.28-a0-850-g09de17f5b5 (webtiles) character file.

Game seed: 2720080124694761315

13846 bjtr the Arsonist (level 11, -3/79 HPs)
             Began as a Demonspawn Conjurer on Nov 13, 2021.
             Was a Priest of Vehumet.
             Slain by a boulder beetle (14 damage)
             ... on level 11 of the Dungeon on Nov 14, 2021.
             The game lasted 01:13:35 (16945 turns).

bjtr the Arsonist (Demonspawn Conjurer)            Turns: 16945, Time: 01:13:36

Health: -3/79      AC:  8    Str:  8    XL:     11   Next: 80%
Magic:  5/30       EV: 15    Int: 22    God:    Vehumet [***...]
Gold:   1651       SH: 12    Dex: 19    Spells: 3/23 levels left

rFire   + + +      SeeInvis +   a - +6 scimitar (flame)
rCold   . . .      Faith    .   q - +1 buckler
rNeg    . . .      Spirit   .   c - +1 ring mail
rPois   +          Reflect  +   (no helmet)
rElec   .          Harm     .   V - scarf {rC+ rF+}
rCorr   .          Rampage  .   (no gloves)
Will    +....                   I - +0 pair of boots
Stlth   +++.......              v - amulet "Vezeyfusk" {Reflect rC- Will+ Dex+7 SH+5 SInv}
HPRegen 0.23/turn               C - +4 ring of evasion
MPRegen 0.22/turn               U - ring of Potrou {rPois rF++ MP+9 Int-2 Stlth+}

@: no status effects
A: hooves 2, demonic guardian 1, ignite blood 1, big brain 1
a: Renounce Religion


You were on level 11 of the Dungeon.
You worshipped Vehumet.
Vehumet was most pleased with you.
You visited 2 branches of the dungeon, and saw 12 of its levels.
You also visited: Ossuary.

You collected 1651 gold pieces.

Inventory:

Hand Weapons
 a - a +6 scimitar of flaming (weapon)
 b - a +0 broad axe of draining
 e - a +0 hunting sling
 h - a +0 rapier
 j - a +5 battleaxe
 k - a +0 mace
 o - a +0 falchion
 u - a +0 flail
 y - a +2 battleaxe of freezing
 A - a +2 spear of freezing
Missiles
 d - 416 stones
 l - 60 poisoned darts
 m - 76 bolts
 s - 3 javelins
 t - 5 throwing nets (quivered)
 x - 37 sling bullets
 L - a curare-tipped dart
 T - 4 silver javelins
Armour
 c - a +1 ring mail (worn)
 q - a +1 buckler (worn)
 r - +0 storm dragon scales
 I - a +0 pair of boots (worn)
 R - the +8 plate armour "Cuuciher" {rC+ Int-3 Dex+7}
   (You took it off an orc warrior on level 10 of the Dungeon)

   Int:       It affects your intelligence (-3).
   Dex:       It affects your dexterity (+7).
   rC:        It protects you from cold.
 V - a scarf of resistance (worn)
Magical Staves
 N - a staff of poison
Jewellery
 v - the amulet "Vezeyfusk" (around neck) {Reflect rC- Will+ Dex+7 SH+5 SInv}
   (You acquired it on level 4 of the Dungeon)

   [amulet of reflection]

   It reflects blocked missile attacks.
   Dex:       It affects your dexterity (+7).
   rC:        It makes you vulnerable to cold.
   SInv:      It lets you see invisible.
   SH:        It affects your SH (+5).
   Will:      It increases your willpower.
 C - a +4 ring of evasion (left hand)
 G - a ring of resist corrosion
 U - the ring of Potrou (right hand) {rPois rF++ MP+9 Int-2 Stlth+}
   (You found it on level 11 of the Dungeon)

   [ring of magical power]

   Int:       It affects your intelligence (-2).
   rF:        It greatly protects you from fire.
   rPois:     It protects you from poison.
   MP:        It affects your magic capacity (+9).
   Stlth:     It makes you more stealthy.
 X - a ring of protection from cold
Wands
 Q - a wand of paralysis (12)
 S - a wand of flame (61)
 W - a wand of iceblast (8)
 Y - a wand of polymorph (8)
Scrolls
 i - a scroll of amnesia
 n - 2 scrolls of magic mapping
 z - a scroll of teleportation
 J - a scroll of brand weapon
 P - a scroll of identify
Potions
 f - 6 potions of curing
 g - a potion of haste
 p - 2 potions of berserk rage
 w - a potion of mutation
 B - a potion of ambrosia
 D - a potion of resistance
 E - 7 potions of might
 F - a potion of magic
 H - 4 potions of cancellation
 K - 2 potions of lignification
 M - 2 potions of invisibility
 O - a potion of flight


   Skills:
 + Level 5.1 Fighting
 - Level 1.0(3.7) Short Blades
 * Level 5.8(5.9) Long Blades
 - Level 7.0 Armour
 + Level 2.6 Dodging
 + Level 2.5 Stealth
 - Level 4.0 Shields
 + Level 6.8 Spellcasting
 * Level 8.7 Conjurations
 + Level 9.1 Fire Magic
 + Level 0.1 Earth Magic
 + Level 0.9 Evocations


You had 3 spell levels left.
You knew the following spells:

 Your Spells              Type           Power      Damage    Failure   Level
a - Magic Dart            Conj           100%       1d8       1%          1
b - Searing Ray           Conj           90%        2d7       1%          2
c - Foxfire               Conj/Fire      100%       2x1d9     1%          1
d - Scorch                Fire           94%        2d9       1%          2
e - Flame Wave            Conj/Fire      46%        3d9       1%          4
f - Stone Arrow           Conj/Erth      52%        3d10      3%          3
g - Iskenderun's Mystic   Conj/Tloc      26%        2d7       11%         4
h - Ignite Poison         Fire/Tmut/Pois 20%        N/A       5%          3

Your spell library contained the following spells:

 Spells                   Type           Power      Damage    Failure   Level
 Dazzling Flash           Conj/Hex       52%        N/A       3%          3
 Freeze                   Ice            28%        1d5       6%          1
 Poisonous Vapours        Pois/Air       14%        N/A       9%          2
 Frozen Ramparts          Ice            14%        1d3       17%         3
 Beastly Appendage        Tmut           14%        N/A       22%         1
 Corpse Rot               Necr/Air       14%        N/A       32%         2
 Wereblood                Tmut           7%         N/A       32%         2
 Spider Form              Tmut/Pois      7%         N/A       54%         3
 Fulminant Prism          Conj/Hex       13%        3d9       11%         4
 Hailstorm                Conj/Ice       26%        3d7       11%         4
 Lightning Bolt           Conj/Air       13%        1d26      26%         5
 Airstrike                Air            3%         N/A       45%         4
 Summon Lightning Spire   Summ/Air       7%         N/A       91%         4
 Summon Cactus Giant      Summ           3%         N/A       100%        6


Dungeon Overview and Level Annotations

Branches:
Dungeon (11/15)            Temple (1/1) D:6            Lair (0/6) D:10
    Orc (0/2) D:10        Ossuary (visited)

Altars:
Ashenzari
Cheibriados
Dithmenos
Elyvilon
Fedhas
Gozag
Hepliaklqana
Kikubaaqudgha
Makhleb
Nemelex Xobeh
Okawaru
Qazlal
Ru
Sif Muna
Trog
Uskayaw
Vehumet
Wu Jian
Xom
Yredelemnul
Zin
The Shining One


Innate Abilities, Weirdness & Mutations

You have hoof-like feet.
A weak demonic guardian rushes to your aid.
Your demonic aura sometimes causes spilled blood to erupt in flames.
You have an unusually large brain. (Int +2)


Message History

Unknown command.
Casting: Scorch (safe; 1% risk of failure)
Confirm with . or Enter, or press ? or * to list all spells.
Flames lash the boulder beetle but do no damage.
The boulder beetle bites you!!
Unknown command.
Unknown command.
You hit the boulder beetle but do no damage.
The boulder beetle is heavily wounded.
The boulder beetle bites you!!
* * * LOW HITPOINT WARNING * * *
A demonic guardian appears!
Unknown command.
You hit the boulder beetle but do no damage.
The boulder beetle is heavily wounded.
The boulder beetle bites you!
* * * LOW HITPOINT WARNING * * *
Your shadow imp hits the boulder beetle.
Unknown command.
You completely miss the boulder beetle.
The boulder beetle is heavily wounded.
You block the boulder beetle's attack.
Your shadow imp hits the boulder beetle but does no damage.
You slash the boulder beetle! You burn the boulder beetle.
The boulder beetle is severely wounded.
The boulder beetle is no longer more vulnerable to fire.
The boulder beetle closely misses you.
Your shadow imp hits the boulder beetle but does no damage.
You block the boulder beetle's attack.
You barely miss the boulder beetle.
The boulder beetle is severely wounded.
Your shadow imp gestures at the boulder beetle.
The boulder beetle resists with significant effort.
The boulder beetle closely misses your shadow imp.
You catch the helpless boulder beetle completely off-guard!
You hit the boulder beetle but do no damage.
The boulder beetle is severely wounded.
Your shadow imp hits the boulder beetle but does no damage.
The boulder beetle bites you!
You die...

##.##....#.##.......
#..#....##.##......)
#.##...##..##.....##
##.#...##..#####+####
#..#.###..###........
#..#.....##.#........
#.....####..+......##
#.#####.....##.....##
#)..@.......##.....##
##...B5............#.
#.................#.
#......^........>.#.
##...##....##.....#.
#...##....##.....##
#..........#..$...##
#..........#.......#
#..........#.......#


You could see a boulder beetle (ally target) and a friendly shadow imp
(summoned).

Vanquished Creatures
  Harold (D:10)
  A boulder beetle (D:10)
  A hydra (D:9)
  A centaur warrior (D:11)
  A two-headed ogre (D:10)
  A shock serpent (shapeshifter) (D:10)
  An orc knight (D:10)
  A manticore (D:11)
  A cyclops (D:11)
  3 unseen horrors
  A troll (D:10)
  A hornet (D:8)
  A meliai zombie (D:11)
  A vampire (D:9)
  4 wyverns (D:10)
  3 basilisks
  Eustachio (D:5)
  Grum (D:9)
  3 vampire mosquitoes (D:11)
  2 steam dragons
  Menkaure (D:5)
  2 acid dragons (D:11)
  3 water moccasins
  A sky beast (D:7)
  5 orc warriors
  4 black bears
  3 ice beasts
  2 ogres
  5 wolves (D:9)
  2 centaurs
  2 kobold brigands
  A scorpion (D:5)
  4 killer bees (D:8)
  6 wights
  6 howler monkeys
  5 hounds
  2 bullfrog zombies (D:6)
  3 centaur zombies
  A jelly (D:6)
  4 orc priests
  2 centaur skeletons
  A bullfrog skeleton (D:6)
  3 iguanas
  11 orc wizards
  8 mummies (Ossuary)
  A howler monkey skeleton (D:6)
  A howler monkey zombie (D:9)
  4 gnolls (D:4)
  9 adders
  A white imp (D:5)
  3 ufetubi
  3 worms
  The ghost of axecop the Sneak, a weakling DsDe (D:5)
  2 dart slugs
  24 orcs
  8 ball pythons
  8 endoplasms
  4 giant cockroaches
  3 gnoll zombies (Ossuary)
  14 goblins
  8 hobgoblins
  7 jackals
  3 quokkas
  5 bats
  3 frilled lizards
  2 hobgoblin zombies (Ossuary)
  21 kobolds
  A kobold zombie (Ossuary)
  2 orc zombies (Ossuary)
  10 rats
265 creatures vanquished.

Vanquished Creatures (collateral kills)
  An orc warrior (D:10)
  An ice beast (D:5)
  An ogre (D:5)
  A necrophage (D:4)
  An orc priest (D:9)
  A howler monkey zombie (D:10)
  An endoplasm (D:3)
  A goblin (D:2)
  2 hobgoblins
10 creatures vanquished.

Vanquished Creatures (others)
  20 foxfires
  5 fungi (D:10)
  26 plants
  5 toadstools (D:1)
56 creatures vanquished.

Grand Total: 331 creatures vanquished

Notes
Turn   | Place    | Note
-------+----------+-------------------------------------------
     0 | D:1      | bjtr the Demonspawn Conjurer began the quest for the Orb.
     0 | D:1      | Reached XP level 1. HP: 13/13 MP: 3/3
    43 | D:1      | Found a faded altar of an unknown god.
   206 | D:1      | Gained mutation: A weak demonic guardian rushes to your
                  | aid. [demonic ancestry]
   206 | D:1      | Reached XP level 2. HP: 16/19 MP: 5/5
   209 | D:1      | Learned a level 2 spell: Searing Ray
   446 | D:1      | You fall into a shaft and drop 1 floor!
   791 | D:1      | Reached skill level 1 in Armour
   887 | D:1      | Reached XP level 3. HP: 6/24 MP: 3/6
  2274 | D:2      | Gained mutation: You have large cloven feet. [demonic
                  | ancestry]
  2274 | D:2      | Reached XP level 4. HP: 27/31 MP: 4/7
  2823 | D:2      | Upgraded the game from 0.28-a0-845-gfc338a8e3c to
                  | 0.28-a0-850-g09de17f5b5
  2848 | D:3      | Reached skill level 1 in Fighting
  2978 | D:3      | Reached skill level 1 in Fire Magic
  3454 | D:3      | Reached skill level 1 in Shields
  3483 | D:3      | Reached XP level 5. HP: 37/37 MP: 3/8
  3789 | D:4      | Reached skill level 1 in Short Blades
  4616 | D:4      | Noticed a necrophage
  4634 | D:4      | Killed a necrophage
  4635 | D:4      | Reached skill level 5 in Conjurations
  4635 | D:4      | Reached XP level 6. HP: 28/44 MP: 1/9
  4753 | D:4      | Found a hazy altar of Hepliaklqana.
  5120 | D:4      | Identified a scroll of acquirement
  5120 | D:4      | Acquired the amulet "Vezeyfusk" {Reflect rC- Will+ Dex+7
                  | SH+5 SInv}
  5211 | D:5      | Entered Level 5 of the Dungeon
  5253 | D:5      | Reached skill level 2 in Fire Magic
  5426 | D:5      | Found an ornate altar of the Wu Jian Council.
  5427 | D:5      | Found a bloodstained altar of Trog.
  5430 | D:5      | Noticed an ice beast
  5684 | D:5      | Noticed Menkaure
  5708 | D:5      | Killed Menkaure
  5721 | D:5      | Gained mutation: You have hoof-like feet. [demonic
                  | ancestry]
  5721 | D:5      | Reached XP level 7. HP: 22/50 MP: 1/10
  6344 | D:5      | Found a runed translucent door.
  6349 | D:5      | Noticed axecop's ghost (weakling DsDe)
  6540 | D:5      | Noticed Eustachio
  6585 | D:5      | Killed Eustachio
  7044 | D:5      | HP: 1/51 [ice beast (13)]
  7059 | D:5      | Gained mutation: Your demonic aura sometimes causes spilled
                  | blood to erupt in flames. [demonic ancestry]
  7059 | D:5      | Reached XP level 8. HP: 4/57 MP: 5/12
  7478 | D:5      | Killed axecop's ghost
  7696 | D:6      | Reached skill level 5 in Armour
  7696 | D:6      | Reached skill level 3 in Fire Magic
  8548 | D:6      | Found a staircase to the Ecumenical Temple.
  9165 | Temple   | Entered the Ecumenical Temple
  9227 | Temple   | Became a worshipper of Vehumet
  9453 | D:7      | Found a sand-covered staircase.
  9466 | Ossuary  | Entered an ossuary
 10170 | D:7      | Reached XP level 9. HP: 64/64 MP: 9/13
 10338 | D:7      | Reached * piety under Vehumet
 10338 | D:7      | Offered knowledge of Foxfire by Vehumet.
 10353 | D:7      | Learned a level 1 spell: Foxfire
 11112 | D:8      | Noticed an unseen horror
 11115 | D:8      | Reached skill level 4 in Fire Magic
 11129 | D:8      | Killed an unseen horror
 11663 | D:8      | Learned a level 2 spell: Scorch
 11668 | D:8      | Learned a level 4 spell: Flame Wave
 11975 | D:8      | Offered knowledge of Shock by Vehumet.
 12023 | D:8      | Reached ** piety under Vehumet
 12024 | D:8      | Reached skill level 5 in Fire Magic
 12658 | D:9      | Noticed an eight-headed hydra
 13048 | D:9      | Noticed Grum
 13052 | D:9      | Killed Grum
 13055 | D:9      | Reached XP level 10. HP: 42/73 MP: 8/16
 13318 | D:9      | Killed a seven-headed hydra
 13319 | D:9      | Reached skill level 5 in Spellcasting
 13319 | D:9      | Reached skill level 6 in Fire Magic
 13896 | D:10     | Entered Level 10 of the Dungeon
 13896 | D:10     | Found a staircase to the Orcish Mines.
 14022 | D:10     | Noticed an orc knight
 14043 | D:10     | Killed an orc knight
 14044 | D:10     | Reached skill level 1 in Long Blades
 14341 | D:10     | Reached skill level 7 in Fire Magic
 14594 | D:10     | Noticed a shock serpent
 14601 | D:10     | Killed a shock serpent
 14638 | D:9      | Gained mutation: You have an unusually large brain. (Int
                  | +2) [demonic ancestry]
 14638 | D:9      | Reached XP level 11. HP: 33/78 MP: 12/19
 15087 | D:10     | Acquired 787 gold pieces
 15143 | D:10     | Offered knowledge of Stone Arrow by Vehumet.
 15150 | D:10     | Learned a level 3 spell: Stone Arrow
 15155 | D:10     | Learned a level 4 spell: Iskenderun's Mystic Blast
 15190 | D:10     | Identified the +8 plate armour "Cuuciher" {rC+ Int-3 Dex+7}
 15473 | D:10     | Found a staircase to the Lair.
 15511 | D:10     | Noticed Harold
 15522 | D:10     | Killed Harold
 15523 | D:10     | Reached skill level 8 in Fire Magic
 15919 | D:10     | Noticed a two-headed ogre
 15923 | D:10     | Killed a two-headed ogre
 15924 | D:10     | Reached skill level 5 in Fighting
 16003 | D:11     | Noticed a boulder beetle
 16037 | D:10     | Killed a boulder beetle
 16155 | D:11     | Reached *** piety under Vehumet
 16201 | D:11     | Reached skill level 5 in Long Blades
 16326 | D:11     | Offered knowledge of Ignite Poison by Vehumet.
 16331 | D:11     | Learned a level 3 spell: Ignite Poison
 16341 | D:11     | Reached skill level 9 in Fire Magic
 16455 | D:11     | Identified the ring of Potrou {rPois rF++ MP+9 Int-2
                  | Stlth+}
 16882 | D:11     | Noticed a boulder beetle
 16882 | D:11     | Noticed a centaur warrior
 16896 | D:11     | Killed a centaur warrior
 16945 | D:11     | Slain by a boulder beetle

Illustrated notes

Levels and vault maps discovered:
D:1:      ldierk_walled_garden, layout_basic, ebering_ecumenical_altar_rust,
          nrook_uturn, minmay_ruptured
D:2:      layout_basic, minmay_goblin_outpost
D:3:      layout_basic, nrook_loot_triangle
D:4:      layout_loops_cross, nicolae_hepliaklqana_hazy_memory,
          kennysheep_minor_cross, palyth_stone_intersect,
          chequers_serial_rivers_micro_e
D:5:      layout_basic, chequers_temple_overflow_statue_of_worship,
          ebering_ghost_sewer_d, minmay_ogre_servants, uniq_eustachio,
          uniq_menkaure
D:6:      layout_layer_cave, temple_fountains
D:7:      layout_basic, enter_ossuary_1
D:8:      layout_basic, st_stairs_4
D:9:      layout_grid_maze, uniq_grum
D:10:     layout_long_grid, minmay_lair_entry_grove, orc_0_dummy, uniq_harold
D:11:     minmay_evil_eye, layout_gridville
Temple:   hc_temple_tempest_star

Skill      XL: |  1  2  3  4  5  6  7  8  9 10 11 |
---------------+----------------------------------+-----
Armour         | 1 2 3 4 6 7 |  7.0
Stealth        | 2 |  2.5
Fighting       | 1 2 3 4 5 |  5.1
Fire Magic     | 1 2 3 5 7 9 |  9.1
Shields        | 1 2 4 |  4.0
Short Blades   | 1 |  1.0
Conjurations   | 5 6 7 8 |  8.7
Spellcasting   | 3 4 5 6 |  6.8
Long Blades    | 3 5 |  5.8
Dodging        | 2 |  2.6
Earth Magic    | |  0.1
Evocations     | |  0.9

Action                   |  1- 3 |  4- 6 |  7- 9 | 10-12 || total
-------------------------+-------+-------+-------+-------++-------
Melee: Short sword       |    29 |       |       |       ||    29
       Rapier            |    30 |    63 |    63 |       ||   156
       Kick              |       |    11 |    58 |    12 ||    81
       Broad axe         |       |       |   119 |       ||   119
       Scimitar          |       |       |    26 |    96 ||   122
Throw: Throwing net      |       |       |       |     1 ||     1
 Cast: Magic Dart        |    21 |     1 |     3 |     1 ||    26
       Searing Ray       |    14 |    27 |    47 |     1 ||    89
       Foxfire           |       |       |     6 |     5 ||    11
       Scorch            |       |       |     5 |    61 ||    66
       Flame Wave        |       |       |     1 |    19 ||    20
       Stone Arrow       |       |       |       |     4 ||     4
Evoke: Wand              |       |       |       |     8 ||     8
  Use: Scroll            |     4 |     7 |    22 |     2 ||    35
       Potion            |       |       |     3 |     2 ||     5
 Stab: Sleeping          |       |     2 |     2 |       ||     4
       Distracted        |       |       |     1 |     1 ||     2
Armor: Robe              |    18 |     9 |       |       ||    27
       Ring mail         |       |    20 |    82 |    58 ||   160
Dodge: Dodged            |    37 |    41 |   108 |    91 ||   277
Block: Buckler           |       |    13 |   165 |   126 ||   304
       Reflection        |       |       |     2 |     6 ||     8

Table legend: (Time is in decaauts)
 A = Elapsed time spent in this place.
 B = Non-inter-level travel time spent in this place.
 C = Inter-level travel time spent in this place.
 D = Time resting spent in this place.
 E = Time spent auto-exploring this place.
 F = Levels seen in this place.
 G = Mean time per level.
                   A        B        C        D        E       F      G
               +--------+--------+--------+--------+--------+-----+--------+
         Total |  17072 |  16731 |    341 |   6725 |   7143 |  13 | 1313.2 |
       Dungeon |  16352 |  16024 |    328 |   6469 |   6906 |  11 | 1486.5 |
        Temple |    204 |    191 |     13 |      0 |    168 |   1 |  204.0 |
       Ossuary |    515 |    515 |      0 |    256 |     69 |   1 |  515.0 |
               +--------+--------+--------+--------+--------+-----+--------+

Top non-repeatable levels by time:
     D:5: 2215 daAuts
    D:10: 2060 daAuts
     D:9: 1800 daAuts
     D:6: 1616 daAuts
     D:1: 1579 daAuts
     D:4: 1547 daAuts
     D:2: 1273 daAuts
     D:7: 1241 daAuts
     D:8: 1221 daAuts
     D:3: 991 daAuts
    D:11: 805 daAuts
 Ossuary: 515 daAuts
  Temple: 204 daAuts
